 Dungeon Crawl Stone Soup version 0.19-a0-1532-g228a5d9 (webtiles) character file.

269104 4thArraOfDagon the Brawler (level 19, 0/250 HPs)
             Began as a Troll Ice Elementalist on Sept 11, 2016.
             Was the Champion of Qazlal.
             Killed from afar by an acid blob (3 damage)
             ... with a splash of acid
             ... on level 5 of the Pits of Slime on Sept 13, 2016.
             The game lasted 01:42:13 (14878 turns).

4thArraOfDagon the Brawler (TrIE)                  Turns: 14878, Time: 01:42:13

Health: 0/250      AC: 18    Str: 27    XL:     19   Next: 39%
Magic:  25/28      EV: 12    Int: 23    God:    Qazlal [******]
Gold:   777        SH: 20    Dex:  7    Spells: 4 memorised, 14 levels left

rFire  + . .     SeeInvis .       - Unarmed
rCold  + + .     Gourm    +     (armour currently unavailable)
rNeg   + . .     Faith    .     M - +0 shield {reflect}
rPois  ∞         Spirit   .     f - +2 hat {Int+3}
rElec  +         Dismiss  .     F - +0 cloak {rPois}
rCorr  +         Reflect  +     (gloves unavailable)
MR     +....     Harm     .     (boots unavailable)
Stlth  ..........               K - amulet "Rolaun" {RegenMP Int+3}
                                A - ring "Zobabb" {+Fly Str+6 Dex-3 Slay+6 Stlth-}
                                Q - +5 ring of slaying

@: statue-form, resistant, protected from cold, corroded, repel missiles, very
slow
A: unfitting armour, claws 3, fast metabolism 3, gourmand, regeneration 1,
(shaggy fur 0), (tough skin 0)
a: End Transformation, Upheaval, Elemental Force, Disaster Area, Renounce
Religion, Evoke Flight
}: 2/15 runes: decaying, serpentine


You were on level 5 of the Pits of Slime.
You worshipped Qazlal.
Qazlal was exalted by your worship.
You were not hungry.
You were a stone statue.
You visited 7 branches of the dungeon, and saw 39 of its levels.
You visited the Abyss 1 time.
You also visited: Ice Cave and Volcano.

You collected 3406 gold pieces.
You spent 2629 gold pieces at shops.

Inventory:

Missiles
 O - 14 large rocks (quivered)
Armour
 f - a +2 hat of intelligence (worn)
 F - a +0 cloak of poison resistance (worn)
 L - the +1 robe "Faiptaa" (melded) {rCorr Int+4}
   (You bought it in a shop on level 2 of the Orcish Mines)

   It affects your intelligence (+4).
   It protects you from acid and corrosion.
 M - a +0 shield of reflection (worn)
Magical Staves
 H - an uncursed staff of earth
Rods
 j - a +2 rod of inaccuracy (13/13)
   (You found it on level 6 of the Lair of Beasts)
 s - a +1 rod of ignition (14/14)
   (You took it off a deep elf annihilator on level 3 of the Elven Halls)
Jewellery
 a - an uncursed ring of see invisible
 g - an uncursed ring of protection from cold
 l - an uncursed ring of positive energy
 m - an uncursed ring of protection from fire
 q - an uncursed ring of positive energy
 A - the ring "Zobabb" (right claw) {+Fly Str+6 Dex-3 Slay+6 Stlth-}
   (You found it on level 3 of the Elven Halls)

   [ring of loudness]

   It affects your strength (+6).
   It affects your dexterity (-3).
   It affects your accuracy and damage with ranged weapons and melee attacks
   (+6).
   It lets you fly.
   It makes you less stealthy.
 K - the amulet "Rolaun" (around neck) {RegenMP Int+3}
   (You found it on level 5 of the Lair of Beasts)

   [amulet of magic regeneration]

   It increases your magic regeneration.
   It affects your intelligence (+3).
 Q - a +5 ring of slaying (left claw)
 X - an uncursed ring of wizardry
Wands
 n - a wand of teleportation (9/9)
 C - a wand of digging (5/24)
 E - a wand of heal wounds (4/9)
 J - a wand of acid (8/15)
 Y - a wand of digging (9/24)
Scrolls
 k - 3 scrolls of immolation
 o - a scroll of amnesia
 p - 3 scrolls of recharging
 v - 2 scrolls of identify
 x - 8 scrolls of remove curse
 y - a scroll of fear
 N - 2 scrolls of magic mapping
 R - 6 scrolls of teleportation
Potions
 b - a potion of agility
 d - 6 potions of brilliance
 e - 6 potions of curing
 h - 2 potions of heal wounds
 r - 3 potions of magic
 t - 3 potions of ambrosia
 B - 3 potions of resistance
 G - a potion of invisibility
 P - a potion of berserk rage
 S - 3 potions of flight
 U - 2 potions of cancellation
 V - a potion of might
 Z - 2 potions of haste
Miscellaneous
 u - a fan of gales
 w - a phial of floods
 T - a box of beasts
Comestibles
 c - 16 bread rations
 i - 4 royal jellies
 z - a beef jerky
 D - 14 meat rations


   Skills:
 + Level 13.2 Fighting
 + Level 8.6 Dodging
 - Level 1.1 Stealth
 - Level 11.0 Shields
 * Level 15.5 Unarmed Combat
 - Level 7.0 Spellcasting
   Level 0.6 Conjurations
 - Level 3.2 Charms
 - Level 3.6 Necromancy
 - Level 4.7 Translocations
 - Level 10.1 Transmutations
   Level 2.1 Ice Magic
 - Level 11.8 Earth Magic
 + Level 10.4 Invocations


You had 14 spell levels left.
You knew the following spells:

 Your Spells              Type           Power        Failure   Level  Hunger
a - Controlled Blink      Tloc           N/A          100%        8    #######
b - Apportation           Tloc           ####......   1%          1    None
c - Statue Form           Tmut/Erth      ######...    14%         6    ######.
d - Regeneration          Chrm/Necr      ###.......   8%          3    None


Dungeon Overview and Level Annotations

Branches:
Dungeon (15/15)              Lair (6/6) D:10          Swamp (4/4) Lair:4
  Snake (4/4) Lair:3        Slime (5/5) Lair:6          Orc (2/2) D:9
    Elf (3/3) Orc:2        Vaults (0/5) D:13         Depths (0/5) D:15
 Temple: D:4-7

Altars:
Cheibriados
Elyvilon
Fedhas
Gozag
Qazlal
Trog
Beogh
Jiyva

Shops:
D:6 !   D:7 *   D:12 *   D:14 *   D:15 *   Orc:2 !![*   Elf:1 !

Annotations:
D:5 Soeti's ghost, novice MiFi
Orc:1 Urug


Innate Abilities, Weirdness & Mutations

You are too large for most types of armour.
You have claws for hands.
Your metabolism is lightning-fast.
You like to eat raw meat.
Your natural rate of healing is unusually fast.
((You are covered in fur. (AC +1)))
((You have very tough skin. (AC +2)))


Message History

The acid blob is engulfed in freezing vapours.
The acid blob spits acid at you. The splash of acid hits you! You resist.
* * * LOW HITPOINT WARNING * * *
The acid burns!
You resist.
* * * LOW HITPOINT WARNING * * *
You block the slime creature's attack.
The acid blob jiggles.
The acid blob hits you!
* * * LOW HITPOINT WARNING * * *
You are splashed with acid!
The acid corrodes you!
The acid burns!
You resist.
* * * LOW HITPOINT WARNING * * *
The azure jelly is engulfed in freezing vapours.
The azure jelly hits you but does no damage.
The azure jelly closely misses you. You block the azure jelly's attack.
The azure jelly closely misses you.
The acid blob is engulfed in freezing vapours.
The acid blob spits acid at you. The splash of acid hits you! You resist.
You die...

#..### ......#
.......##
........##
.........#
......§§.#
......§§.##
......J8.§#
.G...§JJJ§..#
.....§.........
...............
...............
...............
...............
#..............


You could see 2 acid blobs, an azure jelly, a great orb of eyes and a slime
creature.

Vanquished Creatures
  Saint Roka (Orc:2)
  A tentacled monstrosity (Abyss:2)
  2 deep elf master archers (Elf:3)
  2 deep elf blademasters (Elf:3)
  3 tentacled starspawn (Abyss:2)
  4 acid blobs
  The ghost of Torious the Devastator, an adept DECj of Sif Muna (Snake:4)
  Frances (D:14)
  4 thorn hunters
  Donald (Snake:2)
  Roxanne (D:15)
  10 greater nagas
  An azure jelly (Slime:1)
  4 deep elf sorcerers (Elf:3)
  2 orc warlords
  Aizul (Snake:3)
  A caustic shrike zombie (D:15)
  6 deep elf elementalists (Elf:3)
  Nessos (D:13)
  5 deep elf annihilators (Elf:3)
  5 deep elf demonologists (Elf:3)
  2 dire elephants
  The ghost of utis the Fighter, a journeyman FoWr of Cheibriados (Lair:2)
  The ghost of Amnesiac the Eclecticist, a journeyman DEEE of Gozag (Lair:6)
  6 deep elf death magi (Elf:3)
  An ogre mage (D:13)
  9 naga warriors
  4 deep elf high priests (Elf:3)
  5 great orbs of eyes
  Erolcha (Orc:2)
  3 ice dragons
  19 hydras
  3 centaur warriors
  2 ghost crabs (Swamp:3)
  2 catoblepae (Lair:6)
  3 death yaks (Lair:6)
  9 dancing weapons
  The ghost of George the Carver, a novice MiFi of the Shining One (D:9)
  A deep troll shaman (Lair:6)
  An anaconda (shapeshifter) (Elf:2)
  11 anacondas
  4 alligators
  A tengu warrior (D:14)
  Sonja (Orc:2)
  9 shock serpents
  5 orc high priests
  7 naga sharpshooters
  A salamander mystic (Snake:4)
  2 naga ritualists
  12 deep elf knights
  2 skeletal warriors
  10 sea snakes (Snake:4)
  A death drake (Swamp:2)
  3 large abominations
  4 unseen horrors
  2 spectral hydras (Swamp:2)
  A spriggan druid (Swamp:2)
  A shambling mangrove (Swamp:4)
  2 giant orange brains (Slime:5)
  7 swamp dragons
  A wolf spider zombie (D:15)
  A phantasmal warrior (D:15)
  3 hill giants
  Pikel (D:8)
  7 deep elf archers
  3 necromancers
  7 mana vipers
  8 ugly things
  23 deep elf magi
  6 orc knights
  6 salamanders
  29 elephants
  6 orc sorcerers
  A frost giant zombie (D:15)
  3 cyclopes
  2 manticores
  19 black mambas
  10 slime creatures
  6 shining eyes
  A rust devil (Abyss:2)
  2 ice statues (IceCv)
  Psyche (D:9)
  A centaur zombie (D:11)
  3 guardian serpents (Snake:4)
  9 naga magi
  6 spiny frogs
  3 kobold demonologists
  5 komodo dragons
  3 swamp worm zombies (Swamp:2)
  2 gargoyles
  3 rime drakes
  A freezing wraith (Swamp:2)
  A tengu conjurer (D:14)
  An ancient zyme (Abyss:2)
  8 trolls
  2 ice devils (D:15)
  3 meliai (D:12)
  4 giant leeches
  6 two-headed ogres
  A jumping spider (shapeshifter) (D:15)
  A wolf spider simulacrum (D:15)
  14 blink frogs
  A hornet zombie (D:14)
  An ice dragon zombie (D:15)
  4 alligator zombies (Swamp:2)
  15 bog bodies
  2 air elementals
  2 flying skulls (Volcano)
  4 spectral swamp dragons (Swamp:2)
  2 wraiths
  5 shadows
  2 small abominations (Abyss:2)
  A tarantella (shapeshifter) (D:15)
  3 vampires (Volcano)
  A fire dragon skeleton (D:15)
  A water elemental (Elf:2)
  12 yaks
  2 ynoxinuls (Abyss:2)
  10 spriggans
  3 wyverns
  Grum (D:8)
  2 basilisks
  3 giant leech zombies (Swamp:2)
  3 hungry ghosts
  A fire elemental (Orc:2)
  3 hippogriffs
  2 steam dragons (D:14)
  27 vampire mosquitoes
  15 insubstantial wisps
  7 wargs
  A mottled dragon (D:12)
  39 nagas
  13 swamp worms
  2 water moccasins
  3 spiny frog zombies (Swamp:2)
  3 giant eyeballs
  8 swamp drakes
  37 orc warriors
  2 porcupines
  18 ice beasts
  7 sky beasts
  5 black bears
  6 wasps
  2 phantoms
  11 ogres
  6 centaurs
  12 wolves
  8 crocodiles
  2 big kobolds
  16 giant frogs
  4 earth elementals
  A wyvern zombie (D:13)
  2 wyvern skeletons
  5 scorpions
  2 spriggan zombies (Swamp:2)
  A killer bee (D:12)
  3 wights (D:15)
  2 howler monkeys (D:9)
  7 crimson imps
  A quasit (D:10)
  2 giant frog zombies
  8 hounds
  22 orc priests
  4 jellies
  19 orc wizards
  8 centaur skeletons
  5 iguanas
  9 worker ants
  A mummy (Volcano)
  3 gnolls (D:8)
  9 adders
  A howler monkey skeleton (D:9)
  16 river rats
  5 shadow imps
  An adder zombie (D:6)
  2 dart slugs (D:1)
  2 giant geckos
  93 orcs
  2 giant cockroaches
  11 goblins
  2 hobgoblins
  12 jackals
  3 quokkas
  2 ball pythons
  13 bats
  3 giant newts
  14 kobolds
  A quokka skeleton (D:6)
  15 rats
  6 briar patches (Swamp:4)
  11 fungi
  3 plants
  A withered plant (Swamp:2)
1113 creatures vanquished.

Vanquished Creatures (collateral kills)
  An ettin (Orc:2)
  An ugly thing (D:15)
2 creatures vanquished.

Vanquished Creatures (others)
  Nikola (Snake:3)
  A spriggan druid (Swamp:4)
  A phantasmal warrior (Swamp:2)
  A giant leech (Swamp:1)
  A swamp worm (Swamp:3)
  2 nagas
  4 slaves (D:9)
  3 briar patches (Swamp:4)
  20 bushes (Elf:3)
  51 fungi
  18 plants
  5 starspawn tentacles (Abyss:2)
  A withered plant (D:15)
109 creatures vanquished.

Grand Total: 1224 creatures vanquished

Notes
Turn   | Place    | Note
-------+----------+-------------------------------------------
     0 | D:1      | 4thArraOfDagon the Troll Ice Elementalist began the quest for the Orb.
     0 | D:1      | Reached XP level 1. HP: 16/16 MP: 1/1
    54 | D:2      | Reached skill level 1 in Unarmed Combat
   204 | D:4      | Reached skill level 2 in Unarmed Combat
   204 | D:4      | Reached XP level 2. HP: 7/24 MP: 2/2
   204 | D:4      | Reached XP level 3. HP: 9/31 MP: 3/3
   243 | D:5      | Entered Level 5 of the Dungeon
   254 | D:5      | Noticed a scorpion
   331 | D:5      | Found a stormy altar of Qazlal.
   342 | D:5      | Became a worshipper of Qazlal Stormbringer
   343 | D:5      | meh,ok
   371 | D:5      | Reached skill level 3 in Unarmed Combat
   371 | D:5      | Reached XP level 4. HP: 36/39 MP: 4/4
   385 | D:6      | Noticed an ogre
   393 | D:6      | Killed an ogre
   393 | D:6      | Reached skill level 4 in Unarmed Combat
   393 | D:6      | Reached XP level 5. HP: 10/45 MP: 5/5
   415 | D:6      | Reached skill level 5 in Unarmed Combat
   441 | D:6      | Got a pitted helmet
   467 | D:6      | Found Woathep's Distillery.
   485 | D:6      | Reached XP level 6. HP: 34/53 MP: 6/6
   491 | D:6      | Found a white marble altar of Elyvilon.
   520 | D:6      | Bought a potion of curing for 39 gold pieces
   537 | D:6      | Reached skill level 6 in Unarmed Combat
   664 | D:5      | Reached skill level 7 in Unarmed Combat
   669 | D:5      | Noticed a sky beast
   675 | D:5      | Killed a sky beast
   675 | D:5      | Reached XP level 7. HP: 52/59 MP: 7/7
   708 | D:5      | Noticed Soeti's ghost (novice MiFi)
   859 | D:4      | Found a stormy altar of Qazlal.
   861 | D:4      | Noticed a water elemental
   861 | D:4      | Noticed a fire elemental
   861 | D:4      | Noticed an air elemental
  1020 | D:3      | Reached skill level 1 in Invocations
  1034 | D:3      | Reached * piety under Qazlal
  1059 | D:2      | Reached skill level 8 in Unarmed Combat
  1423 | D:3      | Reached ** piety under Qazlal
  1665 | D:5      | Reached skill level 1 in Fighting
  1703 | D:6      | Found a blossoming altar of Fedhas.
  1750 | D:7      | Reached XP level 8. HP: 47/70 MP: 8/8
  1756 | D:7      | Gained mutation: Your spells are a little harder to cast, but a little more powerful. [mutagenic meat]
  1759 | D:7      | Gained mutation: Scrolls take you a little longer to read. [mutagenic meat]
  1762 | D:7      | Gained mutation: Your muscles are strong. (Str +2) [mutagenic meat]
  1895 | D:7      | Found Jaakhlir's Serpentskin Sales.
  1973 | D:7      | Reached skill level 9 in Unarmed Combat
  2086 | D:8      | Found an opulent altar of Gozag.
  2197 | D:9      | Reached XP level 9. HP: 74/80 MP: 10/10
  2233 | D:9      | Reached *** piety under Qazlal
  2241 | D:9      | Noticed George's ghost (novice MiFi)
  2472 | D:9      | Reached skill level 10 in Unarmed Combat
  2476 | D:9      | Noticed Psyche
  2481 | D:9      | Killed Psyche
  2482 | D:9      | Noticed Pikel
  2505 | D:8      | Killed Pikel
  2513 | D:9      | Noticed Grum
  2539 | D:8      | Killed Grum
  2633 | D:9      | Reached XP level 10. HP: 93/94 MP: 12/12
  2687 | D:9      | Killed George's ghost
  2687 | D:9      | Reached skill level 5 in Dodging
  2687 | D:9      | Reached skill level 11 in Unarmed Combat
  2687 | D:9      | Reached skill level 5 in Invocations
  2718 | D:9      | Gained mutation: You have a beak for a mouth. [potion of mutation]
  2733 | D:9      | Gained mutation: You are partially covered in icy blue scales. (AC +2) [potion of beneficial mutation]
  2739 | D:9      | Turgon: Hi - Charly thinks that new Sif is nice for speedrun, he plays DE actually
  2742 | D:9      | HP: 2/94 [orc warrior/stone (8)]
  2883 | D:10     | Entered Level 10 of the Dungeon
  2966 | D:10     | Reached skill level 5 in Fighting
  2975 | D:10     | 4thArraOfDagon: yea, its nice
  3146 | D:9      | jacquesderrida: reeeee
  3162 | D:9      | jacquesderrida: ZHORRR
  3218 | D:9      | Turgon: Charly makes a break and the specs start watching here...
  3237 | D:9      | jacquesderrida: The mythical skins
  3237 | D:9      | Found a snail-covered altar of Cheibriados.
  3366 | D:11     | Reached **** piety under Qazlal
  3386 | D:11     | Noticed a hill giant
  3396 | D:11     | Killed a hill giant
  3483 | D:12     | Found Ceog's Assorted Antiques.
  3519 | D:12     | Bought a scroll labeled DUPTUS RAEWU for 28 gold pieces
  3519 | D:12     | Bought a scroll labeled ASE FINUMIUT for 28 gold pieces
  3533 | D:12     | jacquesderrida: >>>>>>>>>>>>>>>>>almost killed by and orc
  3537 | D:12     | jacquesderrida: wow rude
  3547 | D:12     | Reached skill level 12 in Unarmed Combat
  3573 | D:12     | Reached XP level 11. HP: 73/104 MP: 12/14
  3638 | D:12     | Noticed a purple ugly thing
  3644 | D:12     | Killed a purple ugly thing
  3658 | D:12     | Gained mutation: Your body sometimes deteriorates upon taking damage. [mutagenic meat]
  3664 | D:12     | Gained mutation: You have a pair of small horns on your head. [mutagenic meat]
  3680 | D:11     | Noticed a hill giant
  3686 | D:11     | Killed a hill giant
  3720 | D:11     | Noticed an eight-headed hydra
  3828 | D:12     | Turgon: ?? meliai
  3829 | D:12     | beem: meliai[1/1]: Bee priestesses that come in trios in late D (and beehive vaults, including some very large ones in Lair:5- and D:13-), with one-handed axes, Smiting, and Heal Other. Kind of scary, especially when a queen bee berserks them.
  3945 | D:12     | Found a bloodstained altar of Trog.
  3999 | D:12     | Killed an unseen horror
  4107 | D:13     | Noticed a deep elf mage
  4118 | D:13     | Killed a deep elf mage
  4129 | D:13     | Noticed a red ugly thing
  4144 | D:13     | Killed a red ugly thing
  4144 | D:13     | Reached skill level 13 in Unarmed Combat
  4150 | D:13     | Gained mutation: Your muscles are very strong. (Str +4) [mutagenic meat]
  4153 | D:13     | Gained mutation: You have sharp toenails. [mutagenic meat]
  4219 | D:13     | Noticed a necromancer
  4225 | D:13     | Killed a necromancer
  4280 | D:13     | Found a gate to the Vaults.
  4304 | D:13     | Noticed an ogre mage
  4312 | D:13     | Paralysed by an ogre mage for 4 turns
  4324 | D:13     | Killed an ogre mage
  4324 | D:13     | Reached XP level 12. HP: 69/115 MP: 16/16
  4426 | D:13     | Noticed Nessos
  4439 | D:13     | Killed Nessos
  4446 | D:13     | Learned a level 1 spell: Apportation
  4446 | D:13     | jacquesderrida: nestor
  4768 | D:14     | Noticed Frances
  4770 | D:14     | jacquesderrida: wew
  4785 | D:14     | jacquesderrida: deng................
  4793 | D:14     | Killed Frances
  4793 | D:14     | Reached skill level 14 in Unarmed Combat
  4798 | D:14     | Turgon: lol
  4919 | D:15     | Entered Level 15 of the Dungeon
  4992 | D:15     | jacquesderrida: ais keiv
  5020 | D:15     | Found a frozen archway.
  5029 | IceCv    | Entered an ice cave
  5183 | IceCv    | Noticed an ice dragon
  5209 | IceCv    | jacquesderrida: dragaaaaaaaaaaaan
  5215 | IceCv    | Turgon: lolol
  5217 | IceCv    | Killed an ice dragon
  5263 | IceCv    | Noticed an ice dragon
  5272 | IceCv    | Turgon: transforming into tree but ice dragon didn't come
  5273 | IceCv    | Killed an ice dragon
  5284 | IceCv    | jacquesderrida: Yes
  5332 | IceCv    | jacquesderrida: Itens
  5335 | IceCv    | jacquesderrida: Get ready for them
  5345 | IceCv    | Got a brightly glowing ruby amulet
  5346 | IceCv    | Identified the amulet of Avof {Faith rPois Dex+4} (You found it in an ice cave)
  5351 | IceCv    | jacquesderrida: Eeeeeeek
  5361 | IceCv    | jacquesderrida: Not bed
  5463 | D:15     | jacquesderrida: sekrit stash
  5483 | D:15     | jacquesderrida: Made by dregan...
  5498 | D:15     | Noticed Roxanne
  5504 | D:15     | Noticed a centaur warrior
  5516 | D:15     | Killed a centaur warrior
  5516 | D:15     | Reached XP level 13. HP: 108/127 MP: 18/18
  5575 | D:15     | jacquesderrida: waw
  5598 | D:15     | jacquesderrida: rexonna
  5687 | D:15     | jacquesderrida: wotttt
  5687 | D:15     | 4thArraOfDagon: RIP
  5687 | D:15     | 4thArraOfDagon: thought its raven
  5687 | D:15     | jacquesderrida: Chrieker
  5687 | D:15     | jacquesderrida: Shrieker
  5687 | D:15     | jacquesderrida: dang mang
  5688 | D:15     | jacquesderrida: >>>>>>>>>>>>>>>>>>>>>>>>>>>>>>crow's sprite
  5688 | D:15     | jacquesderrida: Eeeek\
  5699 | D:15     | jacquesderrida: o
  5703 | D:15     | jacquesderrida: Polearm-wielding mister skeletal
  5753 | D:14     | 4thArraOfDagon: EEEEEEK
  5797 | D:14     | jacquesderrida: Agree
  5831 | D:15     | Reached skill level 15 in Unarmed Combat
  5902 | D:15     | Killed Roxanne
  5903 | D:15     | Identified Roxanne's Disquisition on Shape Shifting (You took it off Roxanne on level 15 of the Dungeon)
  5911 | D:15     | Learned a level 6 spell: Statue Form
  5926 | D:15     | Found a staircase to the Depths.
  5940 | D:15     | Reached skill level 1 in Earth Magic
  5951 | D:15     | Reached skill level 1 in Transmutations
  5957 | D:15     | Found Ischarino's General Store.
  5972 | D:15     | Bought the cursed +1 robe "Potutynoh" {Regen+} for 155 gold pieces
  6331 | D:14     | Learned a level 3 spell: Regeneration
  6375 | D:14     | 4thArraOfDagon: eee
  6375 | D:14     | Upgraded the game from 0.19-a0-1511-g16f215b to 0.19-a0-1532-g228a5d9
  6485 | D:14     | Found Afrechim's Assorted Antiques.
  6503 | D:14     | Bought a fizzy yellow potion for 34 gold pieces
  6503 | D:14     | Bought a potion of might for 152 gold pieces
  6503 | D:14     | Bought a scroll labeled WUCSILL VUISK for 38 gold pieces
  6856 | D:11     | Found a runed door.
  6943 | D:11     | Reached XP level 14. HP: 68/136 MP: 4/20
  7039 | D:11     | Got a pitted rapier
  7041 | D:11     | Identified the +2 rapier of the Median {venom, MP-9 Str+2 Int+2} (You found it on level 11 of the Dungeon)
  7349 | D:9      | Found a staircase to the Orcish Mines.
  7352 | Orc:1    | Entered Level 1 of the Orcish Mines
  7433 | Orc:1    | Noticed an orc warlord
  7460 | D:9      | Killed an orc warlord
  7520 | D:9      | Reached skill level 5 in Earth Magic
  7590 | Orc:1    | Found a roughly hewn altar of Beogh.
  7658 | Orc:2    | Entered Level 2 of the Orcish Mines
  7662 | Orc:2    | Noticed an orc warlord
  7854 | Orc:1    | Killed an orc warlord
  7854 | Orc:1    | Reached skill level 10 in Invocations
  8084 | Orc:2    | Noticed Erolcha
  8092 | Orc:2    | Killed Erolcha
  8237 | Orc:2    | Reached skill level 5 in Transmutations
  8329 | Orc:2    | Found Nufreo's Distillery.
  8329 | Orc:2    | Found Potil's Distillery.
  8331 | Orc:2    | Found Xoanudosel's General Store.
  8331 | Orc:2    | Found Piaxzom's Antique Armour Boutique.
  8339 | Orc:2    | Bought a runed cloak for 126 gold pieces
  8350 | Orc:2    | Bought the +1 robe "Faiptaa" {rCorr Int+4} for 293 gold pieces
  8350 | Orc:2    | Bought a potion of heal wounds for 55 gold pieces
  8350 | Orc:2    | Bought a scroll of identify for 22 gold pieces
  8352 | Orc:2    | Bought a potion of lignification for 51 gold pieces
  8352 | Orc:2    | Bought a potion of brilliance for 68 gold pieces
  8352 | Orc:2    | Bought a potion of heal wounds for 85 gold pieces
  8352 | Orc:2    | Bought a potion of magic for 136 gold pieces
  8375 | Orc:2    | Bought a potion of might for 72 gold pieces
  8375 | Orc:2    | Bought a potion of magic for 144 gold pieces
  8375 | Orc:2    | Bought a potion of brilliance for 72 gold pieces
  8532 | Orc:2    | Noticed Sonja
  8539 | Orc:2    | Killed Sonja
  8564 | Orc:2    | Noticed Saint Roka
  8773 | Orc:2    | Killed Saint Roka
  8947 | Orc:1    | Noticed Urug
  8968 | Orc:2    | Found a staircase to the Elven Halls.
  9012 | Elf:1    | Entered Level 1 of the Elven Halls
  9119 | Elf:2    | Reached XP level 15. HP: 61/143 MP: 10/21
  9127 | Elf:2    | Got a warped scimitar {slice}
  9228 | Elf:2    | Identified the +6 scimitar "Kusiom" {slice, +Blink rC- Str+3} (You took it off a deep elf mage on level 2 of the Elven Halls)
  9456 | Elf:1    | Found Yluna's Distillery.
  9464 | Elf:1    | Bought a potion of magic for 128 gold pieces
  9464 | Elf:1    | Bought a potion of brilliance for 64 gold pieces
  9464 | Elf:1    | Bought a potion of magic for 128 gold pieces
  9571 | Elf:3    | Entered Level 3 of the Elven Halls
 10036 | Elf:3    | Noticed a deep elf blademaster
 10049 | Elf:3    | Reached skill level 5 in Spellcasting
 10062 | Elf:3    | Killed a deep elf blademaster
 10063 | Elf:3    | Noticed a deep elf blademaster
 10064 | Elf:3    | Killed a deep elf blademaster
 10070 | Elf:3    | Reached skill level 10 in Earth Magic
 10082 | Elf:3    | Noticed a deep elf sorcerer
 10084 | Elf:3    | Killed a deep elf sorcerer
 10097 | Elf:3    | Noticed a deep elf master archer
 10114 | Elf:3    | Killed a deep elf master archer
 10138 | Elf:3    | Noticed a deep elf sorcerer
 10138 | Elf:3    | Killed a deep elf sorcerer
 10156 | Elf:3    | Reached ***** piety under Qazlal
 10157 | Elf:3    | Reached XP level 16. HP: 116/152 MP: 5/23
 10169 | Elf:3    | Noticed a deep elf master archer
 10170 | Elf:3    | Killed a deep elf master archer
 10184 | Elf:3    | Cast into level 2 of the Abyss (a deep elf demonologist)
 10245 | Abyss:2  | Noticed a tentacled starspawn
 10249 | Abyss:2  | Killed a tentacled starspawn
 10280 | Abyss:2  | Noticed a tentacled starspawn
 10289 | Abyss:2  | Killed a tentacled starspawn
 10352 | Abyss:2  | Noticed a tentacled starspawn
 10357 | Abyss:2  | Killed a tentacled starspawn
 10367 | Abyss:2  | Noticed a tentacled monstrosity
 10374 | Abyss:2  | Killed a tentacled monstrosity
 10378 | Elf:3    | Escaped the Abyss
 10509 | Elf:3    | Reached skill level 10 in Transmutations
 10607 | Elf:3    | Learned a level 8 spell: Controlled Blink
 10622 | Elf:3    | Identified the Handbook of Damage Dealing and Snow
 10664 | Elf:3    | Got a glittering garnet amulet
 10667 | Elf:3    | Identified the amulet "Ugry" {Faith Dex+4 SInv} (You found it on level 3 of the Elven Halls)
 10667 | Elf:3    | srsly
 10718 | Elf:3    | Got a sparkling bone ring
 10720 | Elf:3    | Identified the ring "Zobabb" {+Fly Str+6 Dex-3 Slay+6 Stlth-} (You found it on level 3 of the Elven Halls)
 10866 | Orc:2    | Bought a potion of resistance for 180 gold pieces
 10866 | Orc:2    | Bought a potion of flight for 54 gold pieces
 10869 | Orc:2    | Bought a potion of cancellation for 88 gold pieces
 10869 | Orc:2    | Bought a cursed ring of loudness for 49 gold pieces
 10872 | Orc:2    | Bought a potion of resistance for 170 gold pieces
 10872 | Orc:2    | Bought a potion of haste for 170 gold pieces
 10963 | D:10     | Found a staircase to the Lair.
 10971 | Lair:1   | Entered Level 1 of the Lair of Beasts
 11025 | Lair:2   | jacquesderrida: Deng
 11025 | Lair:2   | 4thArraOfDagon: hi
 11033 | Lair:2   | Noticed utis's ghost (journeyman FoWr)
 11038 | Lair:2   | Killed utis's ghost
 11039 | Lair:2   | jacquesderrida: deng...
 11046 | Lair:2   | jacquesderrida: i mean hi...
 11147 | Lair:2   | Found a dark tunnel.
 11155 | Volcano  | Entered a volcano
 11281 | Lair:3   | 4thArraOfDagon: i understant
 11287 | Lair:3   | 4thArraOfDagon: eeeeeek
 11303 | Lair:3   | jacquesderrida: Thang
 11335 | Lair:3   | You fall through a shaft for 2 floors!
 11355 | Lair:5   | Reached skill level 10 in Fighting
 11367 | Lair:6   | Entered Level 6 of the Lair of Beasts
 11368 | Lair:6   | Found a viscous altar of Jiyva.
 11369 | Lair:6   | Found a staircase to the Slime Pits.
 11383 | Lair:6   | Noticed Amnesiac's ghost (journeyman DEEE)
 11394 | Lair:5   | jacquesderrida: wew
 11527 | Lair:5   | Got a crude zirconium amulet
 11548 | Lair:5   | Identified the amulet "Rolaun" {RegenMP Int+3} (You found it on level 5 of the Lair of Beasts)
 11574 | Lair:5   | jacquesderrida: ri gen
 11634 | Lair:5   | Reached XP level 17. HP: 163/172 MP: 25/25
 11656 | Lair:6   | Killed Amnesiac's ghost
 11899 | Lair:6   | Identified a +2 rod of inaccuracy (13/13) (You found it on level 6 of the Lair of Beasts)
 11924 | Lair:6   | Got a bloodstained hand axe
 11925 | Lair:6   | Identified the +3 hand axe "Vades" {speed, rC+} (You found it on level 6 of the Lair of Beasts)
 12221 | Lair:3   | Found a staircase to the Snake Pit.
 12232 | Snake:1  | Entered Level 1 of the Snake Pit
 12280 | Snake:2  | Noticed Donald
 12291 | Snake:2  | Killed Donald
 12393 | Snake:2  | Reached skill level 1 in Shields
 12427 | Snake:2  | Identified a +1 rod of ignition (14/14) (You took it off a deep elf annihilator on level 3 of the Elven Halls)
 12509 | Snake:3  | Noticed Nikola
 12516 | Snake:3  | Killed Nikola
 12586 | Snake:4  | Entered Level 4 of the Snake Pit
 12694 | Snake:4  | Reached skill level 1 in Charms
 12694 | Snake:4  | Reached skill level 1 in Necromancy
 12778 | Snake:4  | Noticed Torious's ghost (adept DECj)
 12782 | Snake:4  | Killed Torious's ghost
 12807 | Snake:4  | Reached skill level 5 in Shields
 12946 | Snake:4  | Reached XP level 18. HP: 185/185 MP: 27/27
 13098 | Snake:4  | Got a serpentine rune of Zot
 13198 | Snake:3  | Noticed Aizul
 13204 | Snake:3  | Killed Aizul
 13548 | Lair:4   | Found a staircase to the Swamp.
 13556 | Swamp:1  | Entered Level 1 of the Swamp
 13625 | Swamp:2  | Reached ****** piety under Qazlal
 13753 | Swamp:2  | Reached skill level 10 in Shields
 14087 | Swamp:3  | Reached skill level 1 in Translocations
 14140 | Swamp:4  | Entered Level 4 of the Swamp
 14407 | Swamp:4  | Reached XP level 19. HP: 193/193 MP: 28/28
 14455 | Swamp:4  | Got a decaying rune of Zot
 14698 | Slime:1  | Entered Level 1 of the Pits of Slime
 14715 | Slime:1  | Lost mutation: Your spells are a little harder to cast, but a little more powerful. [a shining eye]
 14744 | Slime:2  | jacquesderrida: SLIMEFANK
 14805 | Slime:3  | Gained mutation: You are occasionally teleported next to monsters. [a shining eye]
 14810 | Slime:3  | Lost mutation: Your body sometimes deteriorates upon taking damage. [potion of cure mutation]
 14810 | Slime:3  | Lost mutation: Scrolls take you a little longer to read. [potion of cure mutation]
 14810 | Slime:3  | Lost mutation: You have a pair of small horns on your head. [potion of cure mutation]
 14811 | Slime:3  | Lost mutation: Your muscles are very strong. (Str +4) [potion of cure mutation]
 14811 | Slime:3  | Lost mutation: You are partially covered in icy blue scales. (AC +2) [potion of cure mutation]
 14811 | Slime:3  | Lost mutation: Your muscles are strong. (Str +2) [potion of cure mutation]
 14811 | Slime:3  | Lost mutation: You have sharp toenails. [potion of cure mutation]
 14811 | Slime:3  | Lost mutation: You have a beak for a mouth. [potion of cure mutation]
 14812 | Slime:3  | Lost mutation: You are occasionally teleported next to monsters. [potion of cure mutation]
 14864 | Slime:5  | Entered Level 5 of the Pits of Slime
 14878 | Slime:5  | 4thArraOfDagon: :)
 14878 | Slime:5  | HP: 8/250 [acid blob (15)]
 14878 | Slime:5  | HP: 3/250 [acid (5)]
 14878 | Slime:5  | Killed from afar by an acid blob

Vault maps used:
D:1:      dpeg_arrival_simpleton_a
D:2:      first_bread, columned_hall_lemuel
D:3:      gammafunk_temple_overflow_claw, roderic_bali_sauvastika,
          kennysheep_generic_room_3, uniq_robin
D:4:      nicolae_qazlal_style_of_elements, serial_bayou, serial_bayou_ford_a,
          serial_bayou_lake_a, serial_bayou_shore_a, serial_bayou_pond_a,
          minmay_misc_feat_cross
D:5:      basic_altar, kennysheep_windowed_goal, uniq_sigmund,
          uniq_prince_ribbit1
D:6:      lemuel_crystal_altar, elyvilon_altar_3, serial_shops, shop_fountains,
          fedhas_altar_1
D:7:      the_bakery, guppyfry_shop_venom
D:8:      grunt_gozag_statues, minivault_5
D:9:      lemuel_crystal_altar, orc_0_dummy, uniq_grum, uniq_psyche, uniq_pikel
D:10:     grunt_lair_entry_orc_guard_hut, basic_altar
D:11:     serial_shops, kennysheep_little_box, minivault_13
D:12:     serial_shops, shop, special_room, basic_altar
D:13:     david_vaults_1, uniq_nessos
D:14:     minmay_box_of_statues, serial_shops, shop_fountains, st_stairs_3,
          uniq_frances
D:15:     gammafunk_depths_entry_grave, portal_ice_cave_demonic_guard,
          serial_shops, shop, minmay_misc_feat_chi, st_stairs_7,
          nicolae_benzene_ring, hangedman_abyss_or_decor_jellyfish_corner,
          uniq_roxanne
Lair:1:   grunt_forest_large_clearing_hut
Lair:2:   lightli_volcano_entry_magma_tube, infiniplex_staircase_pool_2,
          lemuel_fruit_tree, grunt_megastairs_5
Lair:3:   guppyfry_snake_entry_island, grunt_megastairs_2
Lair:4:   swamp_mist_pool, minivault_25
Lair:5:   mu_elephants_graveyard
Lair:6:   grunt_lair_end_beastmaster, slime_altar_1, bh_autumn_forest_stairs
Swamp:1:  hangedman_swamp_cone
Swamp:2:  cheibrodos_swamp_mausoleum, serial_swamp_ruin,
          evilmike_swamp_ruin_house_6, evilmike_swamp_ruin_rubble_1,
          hangedman_swamp_ruin_wall
Swamp:3:  evilmike_swamp_ruin_house_3
Swamp:4:  swamp_basic_johnstein
Snake:1:  special_room, spider_trap
Snake:2:  spider_trap, uniq_donald, uniq_kirke
Snake:3:  uniq_aizul, uniq_nikola
Snake:4:  grunt_snake_rune_pools, grunt_megastairs_3
Slime:2:  nicolae_slime_ancient_tower_intersection
Slime:4:  cheibrodos_slime_lost_civilization_6
Orc:1:    nicolae_orc_accident_2, uniq_urug
Orc:2:    grunt_orc_tribal_feast, uniq_saint_roka, uniq_erolcha, uniq_sonja
Elf:1:    serial_shops, nicolae_shop_competitors_out_of_business,
          nicolae_shop_waterfront, orc_legates
Elf:2:    minmay_checkered_concentric_circles
Elf:3:    elf_hall
IceCv:    ice_cave_small_dragons
Volcano:  volcano_tomb

Skill      XL: |  1  2  3  4  5  6  7  8  9 10 11 12 13 14 15 16 17 18 19 |
---------------+----------------------------------------------------------+-----
Unarmed Combat | 2 3 4 5 7 8 9 10 12 13 14 15 | 15.5
Invocations    | 1 3 4 6 7 8 9 10 | 10.4
Dodging        | 2 3 4 5 7 8 |  8.6
Fighting       | 1 2 4 5 6 7 8 11 13 | 13.2
Earth Magic    | 4 8 10 11 | 11.8
Spellcasting   | 3 4 5 6 7 |  7.0
Transmutations | 3 6 9 10 | 10.1
Shields        | 5 10 11 | 11.0
Charms         | 3 |  3.2
Necromancy     | 3 |  3.6
Translocations | 4 |  4.7
Stealth        | |  1.1
Conjurations   | |  0.6
Ice Magic      | |  2.1

Action                   |  1- 3 |  4- 6 |  7- 9 | 10-12 | 13-15 | 16-18 | 19-21 || total
-------------------------+-------+-------+-------+-------+-------+-------+-------++-------
Melee: Unarmed           |    38 |    48 |   330 |   596 |   806 |   738 |    82 ||  2638
       Punch             |       |     1 |     9 |    25 |    64 |    41 |       ||   140
       Peck              |       |       |       |    89 |   167 |   115 |    12 ||   383
       Headbutt          |       |       |       |    70 |   165 |   139 |    13 ||   387
       Kick              |       |       |       |    68 |   235 |   222 |    17 ||   542
Throw: Javelin           |       |     5 |       |       |       |       |       ||     5
 Cast: Statue Form       |       |       |       |       |    12 |    32 |     4 ||    48
       Regeneration      |       |       |       |       |    10 |     3 |       ||    13
       Apportation       |       |       |       |       |       |     1 |     3 ||     4
Invok: Upheaval          |       |       |     2 |    12 |    24 |     4 |     7 ||    49
       Elemental Force   |       |       |       |     2 |     8 |       |       ||    10
 Abil: End Transformatio |       |       |       |       |     1 |     1 |     1 ||     3
       Evoke Flight      |       |       |       |       |       |     1 |     1 ||     2
Evoke: Wand              |       |       |       |     3 |    12 |     4 |       ||    19
  Use: Scroll            |       |       |     8 |     9 |    15 |    14 |       ||    46
       Potion            |       |       |       |     7 |    19 |     1 |     5 ||    32
 Stab: Sleeping          |     1 |     4 |       |       |       |       |       ||     5
       Confused          |       |       |       |     3 |       |       |       ||     3
       Held in net/web   |       |       |       |     1 |       |       |       ||     1
       Invisible         |       |       |       |       |     2 |       |       ||     2
       Petrified         |       |       |       |       |       |     3 |       ||     3
  Eat: Chunk             |       |    11 |    18 |    39 |    55 |    63 |     4 ||   190
       Beef jerky        |       |       |       |       |       |     2 |       ||     2
Armor: Robe              |    30 |     8 |   118 |       |   100 |    47 |     1 ||   304
       Animal skin       |       |       |     1 |    73 |       |       |       ||    74
       Troll hide        |       |       |       |   156 |     7 |       |       ||   163
       Skin              |       |       |       |    19 |   145 |   409 |    57 ||   630
Dodge: Dodged            |    21 |    21 |   136 |   252 |   418 |   390 |    30 ||  1268
       Deflected         |       |       |       |     5 |    24 |    36 |     3 ||    68
Block: Other             |       |       |    26 |   105 |   139 |   221 |       ||   491
       Shield            |       |       |       |       |       |   148 |    93 ||   241
       Reflection        |       |       |       |       |       |     4 |     3 ||     7
